 Dungeon Crawl Stone Soup version 0.28.0-53-g5a82cb258f (webtiles) character file.

Game seed: 13444490465793898484

1 DemonSlayer the Firebug (level 1, 0/13 HPs)
             Began as a Demonspawn Fire Elementalist on July 26, 2022.
             Constricted to death by a ball python (1 damage)
             ... on level 1 of the Dungeon.
             The game lasted 00:00:30 (81 turns).

DemonSlayer the Firebug (DsFE)                        Turns: 81, Time: 00:00:31

Health: 0/13       AC:  2    Str:  8    XL:     1   Next: 16%
Magic:  1/3        EV:  9    Int: 16    God:
Gold:   0          SH:  0    Dex: 13    Spells: 3/4 levels left

rFire   . . .      SeeInvis .   b - +0 spear
rCold   . . .      Faith    .   (no shield)
rNeg    . . .      Spirit   .   a - +0 robe
rPois   .          Reflect  .   (no helmet)
rElec   .          Harm     .   (no cloak)
rCorr   .          Rampage  .   (no gloves)
Will    .....                   (no boots)
Stlth   ++........              (no amulet)
HPRegen 0.04/turn               (no ring)
MPRegen 0.08/turn               (no ring)

@: constricted
A: no striking features
a: no special abilities


You were on level 1 of the Dungeon.
You visited 1 branch of the dungeon, and saw 1 of its levels.

Inventory:

Hand Weapons
 b - a +0 spear (weapon)
Missiles
 c - 7 sling bullets
Armour
 a - a +0 robe (worn)


   Skills:
 + Level 1.7 Dodging
 + Level 1.7 Stealth
 + Level 2.1 Spellcasting
 + Level 1.0 Conjurations
 + Level 2.6 Fire Magic


You had 3 spell levels left.
You knew the following spells:

 Your Spells              Type           Power      Damage    Failure   Level
a - Foxfire               Conj/Fire      28%        2x1d5     10%         1

Your spell library contained the following spells:

 Spells                   Type           Power      Damage    Failure   Level
 Scorch                   Fire           20%        2d6       11%         2
 Conjure Flame            Conj/Fire      7%         6-21      28%         3
 Inner Flame              Hex/Fire       5%         N/A       34%         3
 Flame Wave               Conj/Fire      7%         2d5       67%         4


Dungeon Overview and Level Annotations

Branches:
Dungeon (1/15)

Altars:


Message History

You are too depleted to draw on your mana recklessly!
You are too depleted to draw on your mana recklessly!
Your foxfire dissipates!
The foxfire hits the hobgoblin but does no damage.
The hobgoblin shouts!
The foxfire hits the hobgoblin.
The hobgoblin is heavily wounded.
A ball python comes into view.
You barely miss the hobgoblin.
The hobgoblin is heavily wounded.
The hobgoblin hits you.
You barely miss the hobgoblin.
You punch the hobgoblin, but do no damage.
The hobgoblin is heavily wounded.
The hobgoblin barely misses you.
You hit the hobgoblin but do no damage.
The hobgoblin is heavily wounded.
The hobgoblin hits you.
You hit the hobgoblin.
The hobgoblin is severely wounded.
The hobgoblin closely misses you.
You closely miss the hobgoblin.
The hobgoblin is severely wounded.
The hobgoblin barely misses you. The ball python barely misses you.
The ball python grabs you. The ball python constricts you.
The hobgoblin barely misses you.
You hit the hobgoblin but do no damage.
The hobgoblin is heavily wounded.
The ball python bites you. The ball python constricts you.
The hobgoblin hits you.
* * * LOW HITPOINT WARNING * * *
You closely miss the hobgoblin.
The hobgoblin is heavily wounded.
The ball python closely misses you. The ball python constricts you.
The hobgoblin hits you.
* * * LOW HITPOINT WARNING * * *
You hit the hobgoblin.
The hobgoblin is severely wounded.
The ball python completely misses you. The ball python constricts you.
You die...

#........
#........
#........
#........
#........
#.......# #g...#
#@S.)# #....#...
########.†.!....
#.........#.#...
#.#######[#.# .#
##.# .... #
##..# ..#..
#...# #.. ..
##.## #.. .


You could see a hobgoblin and a ball python.

Vanquished Creatures
  A giant cockroach (D:1)
1 creature vanquished.

Vanquished Creatures (others)
  5 foxfires (D:1)
5 creatures vanquished.

Grand Total: 6 creatures vanquished

Notes
Turn   | Place    | Note
-------+----------+-------------------------------------------
     0 | D:1      | DemonSlayer the Demonspawn Fire Elementalist began the
                  | quest for the Orb.
     0 | D:1      | Reached XP level 1. HP: 13/13 MP: 3/3
    81 | D:1      | Constricted to death by a ball python

Illustrated notes

Levels and vault maps discovered:
D:1:      tarquinn_simple_flora_water_f, layout_loops_ring

Action                   || total
-------------------------++-------
Melee: Spear             ||     8
       Punch             ||     1
 Cast: Foxfire           ||     3
Dodge: Dodged            ||     7
